 Dungeon Crawl Stone Soup version 0.28.0-53-g5a82cb258f (webtiles) character file.

Game seed: 18120066465187550293

42 maxonian the Sneak (level 3, -2/31 HPs)
             Began as a Naga Hedge Wizard on June 2, 2022.
             Slain by a gnoll
             ... wielding a +0 halberd
              (15 damage)
             ... on level 2 of the Dungeon.
             The game lasted 00:02:31 (2112 turns).

maxonian the Sneak (Naga Hedge Wizard)              Turns: 2112, Time: 00:02:32

Health: -2/31      AC:  4    Str: 12    XL:     3   Next: 56%
Magic:  2/7        EV:  9    Int: 22    God:
Gold:   62         SH:  0    Dex: 10    Spells: 2/8 levels left

rFire   . . .      SeeInvis +   a - +0 dagger
rCold   + . .      Faith    .   (no shield)
rNeg    . . .      Spirit   .   k - +2 robe {rC+}
rPois   +          Reflect  .   c - +0 hat
rElec   .          Harm     .   (no cloak)
rCorr   .          Rampage  .   (no gloves)
Will    .....                   (no barding)
Stlth   ++........              (no amulet)
HPRegen 0.10/turn               e - +6 ring of intelligence
MPRegen 0.10/turn               (no ring)

@: short of breath, very slow
A: AC +1, large, see invisible, deformed body, poison resistance, slowness 2,
spit poison 1, naga tail 1
a: Spit Poison


You were on level 2 of the Dungeon.
You visited 1 branch of the dungeon, and saw 2 of its levels.

You collected 62 gold pieces.

Inventory:

Hand Weapons
 a - a +0 dagger (weapon)
Missiles
 h - 11 arrows
 i - 56 stones
Armour
 c - a +0 hat (worn)
 k - a +2 robe of cold resistance (worn)
   (You found it on level 1 of the Dungeon)
Jewellery
 e - a +6 ring of intelligence (left hand)
   (You found it on level 1 of the Dungeon)
Scrolls
 b - a scroll of enchant armour {unknown}
 d - a scroll of holy word {unknown}
 f - 3 scrolls of teleportation {unknown}
 l - a scroll of acquirement {unknown}
Potions
 g - a potion of curing {@q1}
 j - a potion of attraction {unknown}


   Skills:
 + Level 1.3 Fighting
 - Level 1.5 Dodging
 + Level 3.8 Stealth
 + Level 3.3 Spellcasting
 + Level 1.9 Conjurations
 - Level 1.0 Summonings
 - Level 1.0 Translocations


You had 2 spell levels left.
You knew the following spells:

 Your Spells              Type           Power      Damage    Failure   Level
a - Magic Dart            Conj           48%        1d5       5%          1
b - Slow                  Hex            12%        N/A       12%         1
c - Blink                 Tloc           16%        N/A       12%         2
d - Call Imp              Summ           8%         N/A       12%         2

Your spell library contained the following spells:

 Spells                   Type           Power      Damage    Failure   Level
 Conjure Flame            Conj/Fire      7%         6-21      24%         3
 Mephitic Cloud           Conj/Pois/Air  6%         N/A       28%         3


Dungeon Overview and Level Annotations

Branches:
Dungeon (2/15)

Altars:


Innate Abilities, Weirdness & Mutations

Your serpentine skin is tough. (AC +1)
You have supernaturally acute eyesight. (SInv)
Armour fits poorly on your strangely shaped body.
Your system is resistant to poisons. (rPois)
You cover ground very slowly.
You can spit poison.
You have a snake-like lower body.


Message History

a +0 club; a kobold corpse
l - a scroll labelled VUHYLA HAONAUT
Found a faded altar of an unknown god.
A gnoll comes into view. It is wielding a +0 flail.
The magic dart hits the gnoll.
The gnoll is moderately wounded.
The gnoll shouts!
The magic dart hits the gnoll.
The gnoll is heavily wounded.
Unknown command.
You miscast Magic Dart.
You are very lightly contaminated with residual magic.
Nothing appears to happen.
A gnoll comes into view. It is wielding a +0 flail.
The magic dart hits the gnoll.
The gnoll is severely wounded.
The gnoll shouts!
You hear a shout!
The magic dart hits the gnoll but does no damage.
The gnoll is severely wounded.
The magic dart hits the gnoll.
The gnoll is severely wounded.
The magic dart hits the gnoll.
You kill the gnoll!
A gnoll comes into view. It is wielding a +0 halberd.
Aiming: Spit Poison (2% risk of failure)
Press: ? - help, Shift-Dir - straight line, f - gnoll
Aim: a gnoll, wielding a +0 flail (65% to hit)
The splash of poison misses the gnoll.
Your magical contamination has completely faded away.
Unknown command.
You have got your breath back.
Unknown command.
Unknown command.
The gnoll hits you with a +0 flail. The gnoll hits you with a +0 flail!
The gnoll barely misses you.
There is an open door here.
The gnoll barely misses you.
Aiming: Spit Poison (2% risk of failure)
Press: ? - help, Shift-Dir - straight line, f/p - gnoll
Aim: a gnoll, wielding a +0 flail (65% to hit)
The splash of poison hits the gnoll!
The gnoll is poisoned.
The gnoll is heavily wounded.
The gnoll hits you but does no damage.
The gnoll hits you from afar with a +0 halberd!
* * * LOW HITPOINT WARNING * * *
It was a potion of curing.
You feel better. The gnoll hits you with a +0 flail!
* * * LOW HITPOINT WARNING * * *
The gnoll hits you from afar with a +0 halberd!
You die...

⌠.⌠..)........>#....)..#.....###.
###...#........#.#.....#..##.####
#.#.#....)...#.+....>...##.....
.. #.#.......†###...###.##....##
## #.#........'.##### #.##....#
#.#........#.# #.##....#
#.####.#####g# #.##....# #. #.#
#g# #####.##....# #.# #@#
#...#.##....# #.#
#.###.#.#.####### #. #.....#.#.#
#######.#.# #.#.# #.#.# ##.#.#
#....# ######


You could see 2 gnolls.

Vanquished Creatures
  A gnoll (D:2)
  A worm (D:2)
  A bat (D:1)
  2 endoplasms (D:2)
  4 goblins
  3 hobgoblins (D:1)
  2 jackals (D:1)
  4 quokkas
  2 ball pythons
  2 frilled lizards
  3 kobolds
  A rat (D:2)
26 creatures vanquished.

Notes
Turn   | Place    | Note
-------+----------+-------------------------------------------
     0 | D:1      | maxonian the Naga Hedge Wizard began the quest for the Orb.
     0 | D:1      | Reached XP level 1. HP: 15/15 MP: 4/4
   206 | D:1      | Reached XP level 2. HP: 24/24 MP: 1/6
  1514 | D:2      | Reached skill level 1 in Fighting
  1740 | D:2      | Reached XP level 3. HP: 31/31 MP: 0/7
  1822 | D:2      | Learned a level 1 spell: Slow
  1825 | D:2      | Learned a level 2 spell: Blink
  1828 | D:2      | Learned a level 2 spell: Call Imp
  2088 | D:2      | Found a faded altar of an unknown god.
  2112 | D:2      | Slain by a gnoll

Illustrated notes

Levels and vault maps discovered:
D:1:      dpeg_arrival_rooms_a, layout_basic, minmay_misc_feat_room,
          minmay_unequal
D:2:      layout_basic, hellmonk_ecumenical_altar_run_dry

Skill      XL: |  1  2 |
---------------+-------+-----
Fighting       | 1 |  1.3
Dodging        | |  1.5
Stealth        | |  3.8
Spellcasting   | |  3.3
Conjurations   | |  1.9
Summonings     | |  1.0
Translocations | |  1.0

Action                   || total
-------------------------++-------
Melee: Dagger            ||     2
 Cast: Magic Dart        ||    62
 Abil: Spit Poison       ||     8
  Use: Potion            ||     1
Armor: Robe              ||     4
Dodge: Dodged            ||     8
